 Dungeon Crawl Stone Soup version 0.28.0 (webtiles) character file.

Game seed: 5367213134185878284

118667 ragingrage the Executioner (level 16, 0/247 HPs)
             Began as a Minotaur Berserker on Feb 5, 2022.
             Was a High Priest of Trog.
             Blown up by an eye of devastation (25 damage)
             ... with a bolt of energy
             ... on level 1 of the Pits of Slime.
             The game lasted 00:22:52 (24763 turns).

ragingrage the Executioner (Minotaur Berserker)    Turns: 24763, Time: 00:22:53

Health: 0/247      AC: 15    Str: 37    XL:     16   Next: 26%
Magic:  0/24       EV: 11    Int:  4    God:    Trog [*****.]
Gold:   1482       SH:  0    Dex: 11    Spells: 15/15 levels left

rFire   . . .      SeeInvis .   a - +2 executioner's axe (elec)
rCold   . . .      Faith    .   (shield currently unavailable)
rNeg    + + .      Spirit   +   B - +1 chain mail "Iriskyid" {rN++ Regen+}
rPois   .          Reflect  .   (helmet restricted)
rElec   .          Harm     .   (no cloak)
rCorr   .          Rampage  .   y - +1 Delatra's gloves {ID++}
Will    +....                   (no boots)
Stlth   ..........              Z - amulet of guardian spirit
HPRegen 1.31/turn               H - ring of Eryesho {MP+9 Str+4 Stlth+}
MPRegen 0.19/turn               I - ring "Huxko" {Str+4 Slay+4}

@: berserking, very quick
A: horns 2, retaliatory headbutt, mutation resistance 1
a: Renounce Religion, Berserk, Trog's Hand, Brothers in Arms


You were on level 1 of the Pits of Slime.
You worshipped Trog.
Trog was extremely pleased with you.
You visited 5 branches of the dungeon, and saw 25 of its levels.
You also visited: Gauntlet and Volcano.

You collected 2160 gold pieces.
You spent 678 gold pieces at shops.

Inventory:

Hand Weapons
 a - a +2 executioner's axe of electrocution (weapon)
 b - the +8 trident of the Octopus King {venom, rElec rPois}
   (You found it on level 2 of the Dungeon)

   It poisons the flesh of those it strikes.
   rElec:     It insulates you from electricity.
   rPois:     It protects you from poison.
 o - a +2 battleaxe of flaming
Missiles
 Q - 4 silver javelins
 R - 4 throwing nets (quivered)
 S - 10 curare-tipped darts
Armour
 n - a +4 scale mail of fire resistance
 y - the +1 Delatra's gloves (worn) {ID++}
   (You found it on level 6 of the Dungeon)

   It heals its wearer when they drink unknown potions.
   It restores its wearer's MP when they read unknown scrolls.
 B - the +1 chain mail "Iriskyid" (worn) {rN++ Regen+}
   (You found it on level 6 of the Dungeon)

   rN:        It greatly protects you from negative energy.
   Regen:     It increases your rate of health regeneration.
Jewellery
 h - a ring of flight
 m - the ring "Ziroz" {*Corrode Drain rElec rF+ Stlth+}
   (You found it in a Gauntlet)

   [ring of protection from fire]

   rF:        It protects you from fire.
   rElec:     It insulates you from electricity.
   *Corrode:  It may corrode you when you take damage.
   Drain:     It drains your maximum health when unequipped.
   Stlth:     It makes you more stealthy.
 C - a ring of magical power
 H - the ring of Eryesho (left hand) {MP+9 Str+4 Stlth+}
   (You found it on level 8 of the Dungeon)

   [ring of magical power]

   Str:       It affects your strength (+4).
   MP:        It affects your magic capacity (+9).
   Stlth:     It makes you more stealthy.
 I - the ring "Huxko" (right hand) {Str+4 Slay+4}
   (You found it in a Gauntlet)

   [ring of slaying]

   Str:       It affects your strength (+4).
   Slay:      It affects your accuracy & damage with ranged weapons and melee
   (+4).
 J - a ring of protection from cold
 O - a ring of willpower
 Y - a ring of protection from fire
 Z - an amulet of guardian spirit (around neck)
Wands
 k - a wand of flame (41)
 v - a wand of digging (7)
 L - a wand of iceblast (6)
 V - a wand of polymorph (11)
 W - a wand of paralysis (6)
Scrolls
 f - 2 scrolls of immolation
 g - a scroll of holy word
 l - 3 scrolls of magic mapping
 q - a scroll of silence
 r - 7 scrolls of identify
 w - 4 scrolls of blinking
 x - 3 scrolls of fog
 E - 3 scrolls of noise
 F - a scroll of brand weapon
 G - 3 scrolls of fear
 K - a scroll of vulnerability
 M - 3 scrolls of enchant armour
 U - a scroll of torment
 X - 3 scrolls of teleportation
Potions
 c - 22 potions of curing
 e - 11 potions of heal wounds
 i - a potion of berserk rage
 j - 5 potions of mutation
 p - a potion of lignification {unknown}
 s - a potion of resistance {unknown}
 t - a potion of magic {unknown}
 u - 6 potions of haste
 z - 3 potions of flight {unknown}
 A - 2 potions of invisibility {unknown}
 D - 8 potions of might
 P - 4 potions of attraction {unknown}
 T - a potion of cancellation {unknown}
Miscellaneous
 d - a box of beasts
 N - a condenser vane


   Skills:
 + Level 20.6 Fighting
 - Level 24.0 Axes
 + Level 4.8 Throwing
 + Level 11.5 Armour
 - Level 5.0 Dodging
 + Level 4.4 Evocations


You had 15 spell levels left.
You didn't know any spells.
Your spell library was empty.

Dungeon Overview and Level Annotations

Branches:
Dungeon (15/15)            Temple (0/1) D:5            Lair (6/6) D:11
  Swamp (0/4) Lair:3        Snake (0/4) Lair:2        Slime (1/5) Lair:6
    Orc (2/2) D:12            Elf (0/3) Orc:2        Vaults (0/5) D:14
 Depths (1/4) D:15        Volcano (visited)         Gauntlet (visited)

Altars:
Elyvilon
Gozag
Kikubaaqudgha
Makhleb
Okawaru
Qazlal
Ru
Uskayaw
Vehumet
Xom
Beogh

Shops:
D:12 =:*   D:13 !   Orc:2 ((!![

Annotations:
D:8 2 transporters, Konebred's ghost, novice HOFi


Innate Abilities, Weirdness & Mutations

You have a pair of horns on your head.
You reflexively headbutt those who attack you in melee.
You are somewhat resistant to further mutation.


Message History

You slice the slime creature!!
The azure jelly hits you but does no damage.
The azure jelly hits you. The azure jelly freezes you!!
The azure jelly hits you. x2; The slime creature closely misses you.
A slime creature comes into view.
A red film seems to cover your vision as you go berserk!
You feel yourself moving faster!
You feel mighty! The azure jelly closely misses you. You furiously retaliate!
You headbutt the azure jelly, but do no damage.
The azure jelly completely misses you. The azure jelly hits you.
The azure jelly barely misses you. The slime creature barely misses you.
An eye of devastation comes into view.
A slime creature comes into view.
You barely miss the azure jelly.
The azure jelly is severely wounded.
You hit the rockslime but do no damage. You slice the slime creature!!
The rockslime hits you.
You hold your ground!
The azure jelly hits you. The azure jelly freezes you!!!
The azure jelly hits you. The azure jelly freezes you!!
* * * LOW HITPOINT WARNING * * *
The azure jelly hits you but does no damage. x2
Two slime creatures merge to form a large slime creature.
You slash the azure jelly!
The azure jelly is almost dead.
You slice the large slime creature!! You slice the rockslime!!
A slime creature comes into view.
The rockslime barely misses you.
You hit the rockslime but do no damage.
The rockslime is moderately wounded.
You closely miss the azure jelly.
You barely miss the large slime creature.
The azure jelly hits you but does no damage.
The azure jelly hits you.
* * * LOW HITPOINT WARNING * * *
The azure jelly freezes you!!
* * * LOW HITPOINT WARNING * * *
The azure jelly hits you but does no damage. x2
A slime creature comes into view.
The eye of devastation gazes at you. The bolt of energy hits you!!
You die...

....... .
....... .
.......#.
........#
........##
.........
........###
........J.##
.....#..@..#
.G.....JJJ.#
............#
...........##
..........JJ#
............J#
...............
..#.....#...JJ.
.###..##.......


You could see an azure jelly, a large slime creature, 6 slime creatures, a
rockslime and an eye of devastation.

Vanquished Creatures
  Louise (D:15)
  A frost giant (D:12)
  A vampire knight (D:15)
  A dire elephant (Gauntlet)
  A minotaur (Gauntlet)
  An ettin (D:15)
  A great orb of eyes (Gauntlet)
  A yaktaur captain (D:12)
  Harold (D:11)
  A vault guard (D:14)
  12 hydras
  4 boulder beetles
  A quicksilver dragon skeleton (D:15)
  4 ogre magi
  A catoblepas (Lair:6)
  5 centaur warriors
  3 deep troll shamans
  15 two-headed ogres
  A hell hog (Volcano)
  3 tengu warriors
  16 death yaks
  A vampire mage (D:15)
  7 orc high priests (Orc:2)
  A deep troll earth mage (D:15)
  6 skeletal warriors (D:15)
  3 deep trolls (D:15)
  2 lindwurms (Lair:6)
  A tengu zombie (D:15)
  An orc knight (D:12)
  A necromancer (D:15)
  3 orc sorcerers
  A deep elf pyromancer (D:13)
  13 ugly things
  8 cyclopes
  4 salamanders (Volcano)
  3 manticores
  17 elephants
  Joseph (D:7)
  A frost giant skeleton (D:15)
  A black mamba (Lair:3)
  14 cane toads
  2 torpor snails
  A gargoyle (D:11)
  A kobold demonologist (D:11)
  2 rime drakes
  7 komodo dragons
  A komodo dragon (shapeshifter) (D:13)
  3 efreet
  3 polar bears
  8 trolls
  2 raiju (shapeshifter)
  10 slime creatures
  7 blink frogs
  4 dream sheep
  3 shadows
  Sigmund (D:2)
  A vampire (D:11)
  A centaur simulacrum (D:14)
  A spriggan skeleton (D:15)
  4 wyverns
  3 wraiths
  52 yaks
  Grum (D:8)
  4 basilisks
  2 fire bats (Volcano)
  7 vampire mosquitoes
  9 wargs
  3 nagas (Lair:2)
  2 acid dragons
  Edmund (D:6)
  5 water moccasins
  A hell hound (Volcano)
  13 orc warriors
  2 ice beasts (D:7)
  2 sky beasts (D:6)
  20 ogres
  2 black bears
  A necrophage (D:6)
  25 wolves
  14 centaurs
  A phantom (D:5)
  4 kobold brigands (D:11)
  3 gnoll sergeants
  A water moccasin zombie (D:7)
  11 bullfrogs
  2 scorpions
  A wyvern zombie (D:8)
  A water moccasin skeleton (D:4)
  4 wights (D:7)
  16 howler monkeys
  5 electric eels
  5 hounds
  5 jellies
  4 centaur zombies
  37 orc priests
  A bullfrog skeleton (D:6)
  Jessica (D:3)
  4 iguanas
  18 orc wizards
  8 hell rats
  A killer bee zombie (D:8)
  A howler monkey zombie (D:7)
  Robin (D:3)
  6 gnolls
  4 river rats
  7 adders
  A shadow imp (D:8)
  2 white imps (D:7)
  An ufetubus (D:5)
  A worm (D:2)
  2 dart slugs
  95 orcs
  8 endoplasms
  6 giant cockroaches
  20 goblins
  7 hobgoblins
  3 jackals (D:3)
  7 quokkas
  6 ball pythons
  4 bats
  A frilled lizard (D:1)
  6 kobolds
  13 rats
  A withered plant (D:15)
731 creatures vanquished.

Vanquished Creatures (collateral kills)
  A dancing weapon (D:12)
  A flayed ghost (D:12)
  A wraith (D:12)
  3 yaks (D:9)
  A centaur (D:14)
  3 gnolls (D:9)
10 creatures vanquished.

Vanquished Creatures (others)
  A blink frog (Lair:6)
  An orc warrior (D:12)
  An orc wizard (D:12)
  4 orcs (D:12)
  13 fungi
  53 plants
  6 withered plants
79 creatures vanquished.

Grand Total: 820 creatures vanquished

Notes
Turn   | Place    | Note
-------+----------+-------------------------------------------
     0 | D:1      | ragingrage the Minotaur Berserker began the quest for the
                  | Orb.
     0 | D:1      | Reached XP level 1. HP: 19/19 MP: 0/0
   160 | D:1      | Reached skill level 4 in Axes
   351 | D:1      | Reached XP level 2. HP: 27/27 MP: 1/1
   885 | D:2      | Reached XP level 3. HP: 33/33 MP: 2/2
  1045 | D:2      | Found the +8 trident of the Octopus King {venom, rElec
                  | rPois}
  1048 | D:2      | Noticed Sigmund
  1056 | D:2      | Reached skill level 5 in Axes
  1063 | D:2      | Killed Sigmund
  1064 | D:2      | Reached skill level 5 in Fighting
  1064 | D:2      | Reached skill level 6 in Axes
  1064 | D:2      | Reached XP level 4. HP: 34/42 MP: 3/3
  1064 | D:2      | Reached XP level 5. HP: 38/48 MP: 4/4
  1246 | D:2      | Found a white marble altar of Elyvilon.
  1349 | D:2      | Reached ** piety under Trog
  1733 | D:3      | Noticed Robin
  1740 | D:3      | Noticed Jessica
  2087 | D:3      | Killed Robin
  2088 | D:3      | Reached skill level 7 in Axes
  2092 | D:3      | Killed Jessica
  2093 | D:3      | Reached XP level 6. HP: 53/56 MP: 5/5
  2581 | D:3      | Reached *** piety under Trog
  2582 | D:3      | Found a stormy altar of Qazlal.
  2794 | D:4      | Found a large runed translucent door.
  2795 | D:4      | Found a large runed translucent door.
  3001 | D:4      | Reached skill level 8 in Axes
  3339 | D:4      | Reached XP level 7. HP: 61/63 MP: 6/6
  3801 | D:4      | Found a radiant altar of Vehumet.
  3809 | D:4      | Found an ancient bone altar of Kikubaaqudgha.
  3831 | D:5      | Entered Level 5 of the Dungeon
  4327 | D:5      | Found a staircase to the Ecumenical Temple.
  4410 | D:6      | Reached skill level 9 in Axes
  4532 | D:6      | Reached XP level 8. HP: 71/71 MP: 7/7
  5050 | D:6      | Reached skill level 10 in Axes
  5140 | D:6      | Reached skill level 5 in Armour
  5169 | D:6      | Found a hide-covered altar of Uskayaw.
  5182 | D:6      | Reached **** piety under Trog
  5275 | D:6      | Noticed Edmund
  5283 | D:6      | Killed Edmund
  5286 | D:6      | Reached skill level 5 in Dodging
  5334 | D:6      | Found a burning altar of Makhleb.
  5362 | D:6      | Reached XP level 9. HP: 81/81 MP: 8/8
  5419 | D:6      | Found the +1 Delatra's gloves {ID++}
  5591 | D:6      | Found a sacrificial altar of Ru.
  5605 | D:6      | Found a shimmering altar of Xom.
  5691 | D:6      | Identified the +1 chain mail "Iriskyid" {rN++ Regen+}
  5944 | D:7      | Reached skill level 11 in Axes
  6060 | D:7      | Noticed Joseph
  6072 | D:7      | Killed Joseph
  6124 | D:7      | Reached skill level 12 in Axes
  6136 | D:7      | Noticed a troll
  6143 | D:7      | Killed a troll
  6897 | D:8      | Noticed Grum
  6906 | D:8      | Killed Grum
  6907 | D:8      | Reached XP level 10. HP: 91/91 MP: 9/9
  7126 | D:8      | Noticed Konebred's ghost (novice HOFi)
  7129 | D:8      | Found a transporter.
  7301 | D:8      | Found a transporter.
  7312 | D:8      | Identified the ring of Eryesho {MP+9 Str+4 Stlth+}
  7421 | D:9      | Noticed a two-headed ogre
  7427 | D:9      | Killed a two-headed ogre
  7428 | D:9      | Reached skill level 13 in Axes
  7684 | D:9      | Reached skill level 10 in Fighting
  7882 | D:9      | Found an iron altar of Okawaru.
  7921 | D:9      | Reached skill level 14 in Axes
  8123 | D:9      | Found a white marble altar of Elyvilon.
  8333 | D:10     | Entered Level 10 of the Dungeon
  9127 | D:11     | Noticed a death yak
  9127 | D:11     | Noticed a death yak
  9129 | D:11     | Found a staircase to the Lair.
  9151 | D:10     | Killed a death yak
  9152 | D:10     | Reached XP level 11. HP: 57/101 MP: 10/10
  9294 | D:11     | Noticed Harold
  9301 | D:11     | Killed Harold
  9335 | D:11     | Noticed a death yak
  9344 | D:10     | Reached skill level 15 in Axes
  9582 | D:11     | Noticed a two-headed ogre
  9588 | D:11     | Killed a two-headed ogre
  9700 | D:11     | Reached skill level 10 in Armour
  9846 | D:11     | Noticed a two-headed ogre
  9853 | D:11     | Killed a two-headed ogre
  9865 | D:11     | Reached skill level 16 in Axes
 10016 | D:11     | Killed a death yak
 10023 | D:11     | Killed a death yak
 10165 | D:11     | Noticed a two-headed ogre
 10166 | D:11     | Found a shimmering altar of Xom.
 10166 | D:11     | Noticed a two-headed ogre
 10240 | D:10     | Reached ***** piety under Trog
 10276 | D:10     | Killed a two-headed ogre
 10297 | D:10     | Killed a two-headed ogre
 10298 | D:10     | Reached skill level 17 in Axes
 10298 | D:10     | Reached XP level 12. HP: 93/113 MP: 11/11
 10431 | D:12     | Noticed a seven-headed hydra
 10452 | D:11     | Killed a seven-headed hydra
 11019 | D:12     | Found Isahesit's Book Boutique.
 11022 | D:12     | Reached skill level 18 in Axes
 11232 | D:12     | Found Potein's General Store.
 11335 | D:12     | Reached skill level 19 in Axes
 11341 | D:12     | HP: 5/117 [+1 vampiric glaive (35)]
 11349 | D:12     | Gained mutation: You are somewhat resistant to further
                  | mutation. [potion of mutation]
 11536 | D:12     | Found a staircase to the Orcish Mines.
 11582 | D:12     | Noticed a yaktaur captain
 11595 | D:12     | Killed a yaktaur captain
 11661 | D:12     | Found Gatiu's Jewellery Shoppe.
 11770 | D:12     | Noticed a frost giant
 11784 | D:12     | Killed a frost giant
 11785 | D:12     | Reached XP level 13. HP: 125/125 MP: 12/12
 12372 | D:13     | Reached skill level 20 in Axes
 12677 | D:13     | Found Ejial's Distillery.
 12680 | D:13     | Bought a potion of heal wounds for 55 gold pieces
 13063 | Lair:1   | Entered Level 1 of the Lair of Beasts
 13243 | Lair:1   | Reached skill level 15 in Fighting
 13913 | Lair:2   | Reached skill level 21 in Axes
 13949 | Lair:2   | Found a staircase to the Snake Pit.
 14096 | Lair:2   | Found a white marble altar of Elyvilon.
 16010 | Lair:3   | Found a staircase to the Swamp.
 16073 | Lair:4   | Received a gift from Trog
 16085 | Lair:4   | Reached XP level 14. HP: 113/137 MP: 13/13
 16132 | Lair:4   | Found a gate leading to a gauntlet.
 16148 | Gauntlet | Entered a Gauntlet
 16148 | Gauntlet | Found a transporter.
 16157 | Gauntlet | Found a transporter.
 16164 | Gauntlet | Found a transporter.
 16165 | Gauntlet | Found a transporter.
 16171 | Gauntlet | Found a runed translucent door.
 16172 | Gauntlet | Found a transporter.
 16172 | Gauntlet | Found a transporter.
 16173 | Gauntlet | Found a runed translucent door.
 16175 | Gauntlet | Found a transporter.
 16181 | Gauntlet | Found a transporter.
 16214 | Gauntlet | Found a transporter.
 16214 | Gauntlet | Found a transporter.
 16224 | Gauntlet | Found a transporter.
 16256 | Gauntlet | Identified the ring "Ziroz" {*Corrode Drain rElec rF+
                  | Stlth+}
 16259 | Gauntlet | Paralysed by a great orb of eyes for 4 turns
 16291 | Gauntlet | Reached skill level 22 in Axes
 16331 | Gauntlet | Identified the ring "Huxko" {Str+4 Slay+4}
 16430 | Lair:4   | Found a dark tunnel.
 16439 | Volcano  | Entered a volcano
 18765 | Lair:6   | Entered Level 6 of the Lair of Beasts
 18803 | Lair:6   | Reached skill level 23 in Axes
 19082 | Lair:6   | Found a staircase to the Slime Pits.
 19562 | Lair:6   | Reached XP level 15. HP: 137/148 MP: 14/14
 19581 | Lair:6   | Reached skill level 24 in Axes
 20208 | Orc:1    | Entered Level 1 of the Orcish Mines
 20542 | Orc:2    | Entered Level 2 of the Orcish Mines
 20689 | Orc:2    | Identified the +8 broad axe of Toudokai {vorpal, Dex+3}
                  | (Trog gifted it to you on level 2 of the Orcish Mines)
 20689 | Orc:2    | Received a gift from Trog
 20908 | Orc:2    | Found Fofom's Armour Shoppe.
 21098 | Orc:2    | Found Zugurho's Distillery.
 21098 | Orc:2    | Found Wyakuu's Distillery.
 21151 | Orc:2    | Bought a potion of curing for 36 gold pieces
 21151 | Orc:2    | Bought a potion of curing for 36 gold pieces
 21151 | Orc:2    | Bought 3 potions of heal wounds for 180 gold pieces
 21151 | Orc:2    | Bought a potion of curing for 36 gold pieces
 21151 | Orc:2    | Bought a potion of heal wounds for 60 gold pieces
 21163 | Orc:2    | Bought 2 potions of heal wounds for 110 gold pieces
 21163 | Orc:2    | Bought a potion of heal wounds for 55 gold pieces
 21163 | Orc:2    | Bought a potion of haste for 110 gold pieces
 21267 | Orc:2    | Found a staircase to the Elven Halls.
 21363 | Orc:2    | Found Liowan's Weapon Shop.
 21382 | Orc:2    | Found Qehyziru's Antique Weapon Emporium.
 22031 | D:14     | Found an opulent altar of Gozag.
 22163 | D:14     | Found a gate to the Vaults.
 22167 | D:14     | Received a gift from Trog
 22683 | D:14     | Reached skill level 1 in Throwing
 22782 | D:14     | Reached skill level 1 in Evocations
 22951 | D:15     | Entered Level 15 of the Dungeon
 23016 | D:15     | Found a staircase to the Depths.
 23244 | D:15     | Noticed Louise
 23254 | D:15     | Killed Louise
 23348 | D:15     | Reached XP level 16. HP: 165/165 MP: 15/15
 23738 | D:15     | Reached ****** piety under Trog
 24081 | Depths:1 | Entered Level 1 of the Depths
 24085 | Depths:1 | Received a gift from Trog
 24749 | Slime:1  | Entered Level 1 of the Pits of Slime
 24763 | Slime:1  | Blown up by an eye of devastation

Illustrated notes

Levels and vault maps discovered:
D:1:      mrwooster_arrival_statue_2, layout_rooms, hex_tiny, chequers_avenue,
          chequers_serial_rivers_micro_d
D:2:      layout_loops_ring, basic_altar, minmay_misc_feat_hallway,
          uniq_crazy_yiuf_cottage, uniq_sigmund
D:3:      layout_rooms, nicolae_qazlal_scattered_showers, minmay_distorted,
          uniq_robin, uniq_jessica
D:4:      layout_basic, jmf_multi_god_temple2
D:5:      layout_basic, minmay_temple_entry_arrows, serial_glass,
          glass_columns_b, glass_columns_a, glass_columns_b, glass_columns_a,
          glass_columns_a, glass_columns_a, glass_columns_b, glass_columns_a,
          glass_columns_b, glass_columns_c, glass_columns_a, glass_columns_b,
          glass_columns_c, glass_columns_b, st_stairs_11
D:6:      layout_loops_cross, lemuel_doored_altar, xom_butterflies,
          mainiacjoe_overflow_catch_the_wave, portal_sewer_entry_e,
          pf_guarded_unrand_delatra, uniq_edmund
D:7:      layout_basic, uniq_joseph
D:8:      layout_basic, gammafunk_ghost_arena, uniq_grum
D:9:      layout_loops_ring, nicolae_overflow_crystal_walls,
          mainiacjoe_overflow_small_starburst
D:10:     layout_long_grid
D:11:     layout_irregular_city, dpeg_lair_monsters, xom_confusion_cloud,
          uniq_harold
D:12:     thingy_vault, layout_cave_pools, erik_orc_2, serial_shops, shop,
          shop_fountains, nicolae_shop_statue_plus, minmay_misc_feat_plants
D:13:     layout_rooms, serial_shops, kennysheep_mini
D:14:     layout_stronghold, david_vaults_5,
          nicolae_gozag_cash_rules_everything_around_me
D:15:     gammafunk_depths_entry_grave, layout_gridville, serial_bayou_pond_d,
          uniq_louise
Lair:1:   layout_regular_city
Lair:2:   layout_loops_ring, minmay_snake_entry_guardpost_small, basic_altar,
          grunt_megastairs_3
Lair:3:   layout_regular_city, minmay_swamp_entry_worms
Lair:4:   layout_cave_shapes, gauntlet_entry_generic, enter_volcano_1,
          nicolae_quartered_pool_impasse, grunt_megastairs_2
Lair:5:   layout_hall_layers, serial_bayou_pond_b, lemuel_fruit_tree
Lair:6:   grunt_lair_end_beastmaster, layout_hall_layers,
          nicolae_slime_entry_slimehenge, chequers_serial_rivers_room_b,
          serial_bayou_shore_b, infiniplex_staircase_pool
Slime:1:  layout_caves
Orc:1:    layout_diamond_mine
Orc:2:    st_orc_town, layout_caves, serial_shops, shop_statue, abandoned_shop,
          minmay_orc_keep
Depths:1: layout_cave_shapes, nemelex_xobeh_ov_fountains_minmay,
          hangedman_geh_valley, minmay_mirror_moons_of_madness,
          serial_bayou_shore_b

Skill      XL: |  1  2  3  4  5  6  7  8  9 10 11 12 13 14 15 16 |
---------------+-------------------------------------------------+-----
Axes           | 4 6 7 8 9 10 12 14 17 19 21 23 24 | 24.0
Fighting       | 4 5 6 7 9 10 12 14 16 17 20 | 20.6
Armour         | 4 5 7 9 10 11 | 11.5
Dodging        | 3 5 |  5.0
Throwing       | 3 4 |  4.8
Evocations     | 3 4 |  4.4

Action                   |  1- 3 |  4- 6 |  7- 9 | 10-12 | 13-15 | 16-18 || total
-------------------------+-------+-------+-------+-------+-------+-------++-------
Melee: Hand axe          |    67 |     7 |     6 |     5 |       |       ||    85
       Headbutt          |     5 |     6 |    23 |    77 |   200 |    13 ||   324
       Trident           |       |    85 |   229 |   415 |   544 |       ||  1273
       Punch             |       |       |     1 |     3 |     3 |       ||     7
       Executioner's axe |       |       |       |    12 |   309 |    58 ||   379
       Battleaxe         |       |       |       |       |    29 |       ||    29
Invok: Berserk           |     1 |     1 |     6 |    14 |    28 |     5 ||    55
       Brothers in Arms  |       |       |       |     4 |       |       ||     4
  Use: Scroll            |       |       |     4 |     6 |    13 |     1 ||    24
       Potion            |       |       |       |     4 |       |       ||     4
 Stab: Petrified         |       |       |       |       |     3 |       ||     3
Armor: Scale mail        |    27 |    30 |       |       |    19 |       ||    76
       Animal skin       |     1 |       |       |       |       |       ||     1
       Chain mail        |       |     9 |    84 |   191 |   342 |    43 ||   669
Dodge: Dodged            |    29 |    39 |    88 |   190 |   286 |    56 ||   688
Block: Other             |       |       |       |    67 |       |       ||    67
       Reflection        |       |       |       |    15 |       |       ||    15
       Orb               |       |       |       |       |    34 |       ||    34
